 Dungeon Crawl Stone Soup version 0.22.1-2-g9c5b331383 (webtiles) character file.

1703 Jerry the Shield-Bearer (level 9, -1/61 HPs)
             Began as a Halfling Fighter on Nov 27, 2018.
             Was a Follower of Okawaru.
             Killed by divine providence
             ... invoked by an orc priest
              (13 damage)
             ... on level 6 of the Dungeon.
             The game lasted 00:15:35 (5236 turns).

Jerry the Shield-Bearer (Halfling Fighter)          Turns: 5236, Time: 00:15:36

Health: -1/61      AC: 14    Str: 20    XL:     9   Next: 23%
Magic:  11/11      EV: 12    Int:  6    God:    Okawaru [*.....]
Gold:   400        SH: 11    Dex: 14    Spells: 8/8 levels left

rFire    . . .     SeeInvis .   l - +3 dagger (elec)
rCold    . . .     Gourm    .   c - +0 shield
rNeg     . . .     Faith    .   p - +4 ring mail
rPois    .         Spirit   .   y - +0 helmet
rElec    .         Reflect  .   o - +0 cloak
rCorr    .         Harm     .   (no gloves)
MR       +....                  i - +0 pair of boots
Stlth    +.........             (no amulet)
HPRegen  0.20/turn              v - ring of protection from magic
MPRegen  0.12/turn              (no ring)

@: no status effects
A: small, mutation resistance 1
a: Heroism, Renounce Religion


You were on level 6 of the Dungeon.
You worshipped Okawaru.
Okawaru was aware of your devotion.
You were near starving.

You visited 1 branch of the dungeon, and saw 6 of its levels.
You also visited: Ossuary.

You collected 400 gold pieces.

Inventory:

Hand Weapons
 a - a +0 long sword
 l - a +3 dagger of electrocution (weapon)
Armour
 c - a +0 shield (worn)
 i - a +0 pair of boots (worn)
 o - a +0 cloak (worn)
 p - a +4 ring mail (worn)
 y - a +0 helmet (worn)
Jewellery
 v - a ring of protection from magic (left hand)
Wands
 x - a wand of flame (58)
Scrolls
 g - 6 scrolls of identify
 j - 5 scrolls of remove curse
 k - a scroll of teleportation
 t - a scroll of magic mapping
 w - a scroll of amnesia
 A - a scroll of fear
 B - 2 scrolls of enchant weapon
Potions
 b - 2 potions of degeneration {unknown}
 d - 4 potions of might
 e - a potion of resistance
 h - 2 potions of haste
 m - a potion of heal wounds
 n - a potion of mutation {unknown}
 q - a potion of curing {unknown}
 r - a potion of cancellation
 s - a potion of ambrosia
 u - 3 potions of lignification {unknown}
 z - 2 potions of flight {unknown}
Comestibles
 f - 20 rations


   Skills:
 + Level 5.4 Fighting
 + Level 5.4 Long Blades
 + Level 6.5 Armour
 - Level 2.6 Dodging
 + Level 6.5 Shields
 + Level 3.3 Invocations


You had 8 spell levels left.
You didn't know any spells.
Your spell library was empty.

Dungeon Overview and Level Annotations

Branches:
Dungeon (6/15)             Temple (0/1) D:6

Altars:
Makhleb
Okawaru
Qazlal
Sif Muna

Annotations:
D:6 Prince Ribbit


Innate Abilities, Weirdness & Mutations

You are small and have problems with some larger weapons.
You are somewhat resistant to further mutation.


Message History

The orc priest mumbles some strange prayers to Beogh against you.
Beogh smites you!
You barely miss Prince Ribbit. You block Prince Ribbit's attack.
Prince Ribbit hits you.
You are too injured to fight recklessly!
Prince Ribbit barely misses you.
The orc priest calls down the wrath of Beogh upon you.
Beogh smites you!
The orc priest looks encouraged for a moment.
Prince Ribbit hits you!
* * * LOW HITPOINT WARNING * * *
The orc priest invokes the aid of Beogh against you.
Beogh smites you!
* * * LOW HITPOINT WARNING * * *
Prince Ribbit blinks!
You feel much better. Prince Ribbit hits you!
* * * LOW HITPOINT WARNING * * *
The orc priest invokes the aid of Beogh against you.
Beogh smites you!
You die...

.# ##### ##### .#
#...####### ..... .#
#...##....# #####..... .#
#...##....# #.....o...
####...##....# #.........
...).........# #......#
#########.#### #......# #
#####.# #.###.)....#
#.....## #.F@o......#
#####......#######....?.#
.(.........................
.#.....)...####..#####..###
(#..........# #..# ..#
.#........#.###..#####..#
.#........#..##..#...#..#
.#...####.##.##..#.#.#..#
#########.##.##..#.#.#..#


You could see Prince Ribbit, an orc priest and an orc.

Vanquished Creatures
  A phantom (D:4)
  2 ice beasts
  3 centaurs
  A bullfrog (D:5)
  2 scorpions
  2 bullfrog zombies
  2 centaur zombies (Ossuary)
  A crimson imp (D:6)
  2 hounds
  A quasit (D:6)
  2 orc wizards
  Crazy Yiuf (D:2)
  2 human zombies (Ossuary)
  Jessica (D:2)
  2 iguanas
  5 worker ants
  A big kobold zombie (Ossuary)
  A hound zombie (D:5)
  2 mummies (Ossuary)
  Robin (D:4)
  A worker ant zombie (D:6)
  7 gnolls
  A howler monkey zombie (D:6)
  11 adders
  2 oozes
  5 worms
  A dart slug (D:1)
  2 leopard geckos
  19 orcs
  4 giant cockroaches
  17 goblins
  8 hobgoblins
  7 jackals
  8 kobolds
  7 quokkas
  A ball python (D:1)
  5 bats
  A frilled lizard (D:2)
  2 goblin zombies (Ossuary)
  10 hobgoblin zombies (Ossuary)
  2 jackal zombies (Ossuary)
  5 kobold zombies (Ossuary)
  A leopard gecko skeleton (D:4)
  10 orc zombies (Ossuary)
  9 rats
181 creatures vanquished.

Vanquished Creatures (others)
  An ooze (D:3)
  A bat (D:3)
2 creatures vanquished.

Grand Total: 183 creatures vanquished

Notes
Turn   | Place    | Note
-------+----------+-------------------------------------------
     0 | D:1      | Jerry the Halfling Fighter began the quest for the Orb.
     0 | D:1      | Reached XP level 1. HP: 15/15 MP: 1/1
     2 | D:1      | Noticed a dwarf
     4 | D:1      | Noticed an octopode
     6 | D:1      | Noticed a centaur
     6 | D:1      | Noticed an elf
     8 | D:1      | Noticed a formicid
     8 | D:1      | Noticed a tengu
    10 | D:1      | Noticed a demigod
    10 | D:1      | Noticed a draconian
    12 | D:1      | Noticed a troll
    14 | D:1      | Noticed a naga
    14 | D:1      | Noticed a felid
    16 | D:1      | Noticed a spriggan
    16 | D:1      | Noticed a ghoul
    18 | D:1      | Noticed a halfling
    18 | D:1      | Noticed a gargoyle
    20 | D:1      | Noticed a human
    22 | D:1      | Noticed a demonspawn
    22 | D:1      | Noticed a merfolk
    24 | D:1      | Noticed a vampire
    24 | D:1      | Noticed a minotaur
    26 | D:1      | Noticed a vine stalker
    26 | D:1      | Noticed an ogre
   193 | D:1      | Reached XP level 2. HP: 19/20 MP: 2/2
   715 | D:2      | Reached skill level 1 in Dodging
   715 | D:2      | Reached XP level 3. HP: 25/25 MP: 3/3
   744 | D:2      | Noticed Jessica
   772 | D:2      | Killed Jessica
   772 | D:2      | Reached XP level 4. HP: 19/31 MP: 4/4
  1046 | D:2      | Found a deep blue altar of Sif Muna.
  1265 | D:2      | Found a runed door.
  1269 | D:2      | Noticed Crazy Yiuf
  1275 | D:2      | Killed Crazy Yiuf
  1275 | D:2      | Reached XP level 5. HP: 36/36 MP: 5/5
  1750 | D:3      | Found a stormy altar of Qazlal.
  1849 | D:3      | Reached XP level 6. HP: 29/42 MP: 6/6
  2444 | D:4      | Noticed a phantom
  2476 | D:4      | Killed a phantom
  2476 | D:4      | Reached XP level 7. HP: 47/47 MP: 7/7
  2654 | D:4      | Noticed Robin
  2820 | D:4      | Killed Robin
  2889 | D:4      | Found a burning altar of Makhleb.
  2889 | D:4      | Noticed a balrug
  3363 | D:5      | Entered Level 5 of the Dungeon
  3374 | D:5      | Reached skill level 5 in Armour
  3374 | D:5      | Reached skill level 5 in Shields
  3568 | D:5      | Found an iron altar of Okawaru.
  3575 | D:5      | Reached XP level 8. HP: 54/54 MP: 8/8
  3603 | D:5      | Became a worshipper of Warmaster Okawaru
  3774 | D:5      | Reached skill level 1 in Invocations
  4428 | D:6      | Reached * piety under Okawaru
  4498 | D:6      | Reached skill level 5 in Fighting
  4498 | D:6      | Reached skill level 5 in Long Blades
  4571 | D:6      | Reached XP level 9. HP: 61/61 MP: 9/11
  4581 | D:6      | Found a staircase to the Ecumenical Temple.
  4715 | D:6      | Found a sand-covered staircase.
  4720 | Ossuary  | Entered an ossuary
  5226 | D:6      | Noticed Prince Ribbit
  5235 | D:6      | HP: 1/61 [orc priest/divine providence (14)]
  5236 | D:6      | Killed from afar by an orc priest

Skill      XL: |  1  2  3  4  5  6  7  8  9 |
---------------+----------------------------+-----
Dodging        | 1 2 |  2.6
Fighting       | 3 4 5 |  5.4
Armour         | 4 5 6 |  6.5
Shields        | 4 5 6 |  6.5
Long Blades    | 3 4 5 |  5.4
Invocations    | 2 3 |  3.3

Action                   |  1- 3 |  4- 6 |  7- 9 || total
-------------------------+-------+-------+-------++-------
Melee: Long sword        |    46 |       |       ||    46
       Dagger            |    27 |   172 |   413 ||   612
  Use: Scroll            |       |       |    12 ||    12
       Potion            |       |       |     1 ||     1
  Eat: Chunk             |       |     5 |     8 ||    13
Armor: Scale mail        |    32 |    14 |       ||    46
       Ring mail         |       |    46 |   124 ||   170
Dodge: Dodged            |    35 |    71 |   174 ||   280
Block: Shield            |    39 |    92 |   211 ||   342
       Rpst.: Long sword |     7 |       |       ||     7
